Danush, chaotic male elven Priest ------------- |.)..[).....| |...........| -------- ----------- ------|------ |......| |....|....| ###### |......| |.........-######## # |......| #.......<..| # ### |.@..>..# #|.........|# ---------- # |.%....|# #--------.--############.........| ### -|-+-|--# #### #### |........| # ###### # # # |........| ### ########## # ### |........| ####%### # -+---# # |........| ---------.-.--- ##....|# ### ##.........| |.............| |...|# ## # # ---------- |.............| |...-# --.----.---### |.............| |...| |.........|# |.............| ----- |..........# -----------.--- |.........| ----------- Danush the Acolyte Experience level: 4 Strength: 10 Dexterity: 16 Constitution: 13 Intelligence: 9 Wisdom: 17 Charisma: 10 Health: 19(29) Energy: 73(73) Def: 4 Gold: 37 Moves: 1056 Dungeon seed: mBEfR3gh1jbwR5b- Game ID: Danush_1615069358 Your Inventory: Coins $ - 37 gold pieces Weapons a - a blessed +1 mace (weapon in hand) m - a +0 arrow Armor e - a +0 robe (being worn) n - a +0 small shield (being worn) z - a +0 pair of water walking boots (being worn) Comestibles c - a clove of garlic d - a sprig of wolfsbane p - a slime mold t - 2 lembas wafers Spellbooks f - a spellbook of identify g - a spellbook of cure blindness x - a spellbook of healing Potions b - 4 potions of holy water Wands v - a wand of lightning (0:8) Tools h - an oil lamp (0:1271) i - a bugle q - an oil lamp (0:1015) Gems r - a worthless piece of white glass y - a worthless piece of orange glass Spells and supernatural/magical abilities: Name Level Category Fail Memory h - healing 1 healing 0% 100% B - cure blindness 2 healing 36% 95% I - identify 3 divination 84% 95% W - pray for help -- divine ? -- X - turn undead -- divine ? -- Your skills at the end: Fighting Skills Weapon Skills mace [Basic] Spellcasting Skills clerical spells [Basic] Final Attributes: You were fervently aligned. You were sleep resistant. You had infravision. You were levitating, at will. You could walk on water. You were unlucky. You survived. Vanquished creatures: a shrieker a kitten a coyote a gas spore a hobbit a large kobold a jackal a fox a kobold a goblin a sewer rat a grid bug 3 lichens 5 newts 20 creatures vanquished. Voluntary challenges: You were an atheist. You used a wielded weapon 15 times, starting on turn 118. You read items or engraved 2 times, starting on turn 1040. You never genocided any monsters. You never polymorphed an object. You never changed form. You used no wishes. You never split a pudding. You never wrote Elbereth's name. You violated your moral code, losing 15 points of alignment, starting on turn 1055. Dungeon overview: The Dungeons of Doom: levels 1 to 2 Level 1 a fountain a long staircase Level 2 <- You were here a general store History has recorded: On T:1 you entered the Dungeons of Doom to retrieve the Amulet of Yendor! On T:350 you advanced to experience level 2. On T:374 you reached level 2 of The Dungeons of Doom. On T:865 you advanced to experience level 3. On T:1055 you advanced to experience level 4. Score breakdown: Gold: 37 ( 5373 points) Experience: 4 levels ( 9649 points) Exploration: 2 levels ( 3.92%) ( 4242 points) Discoveries: 4 items ( 1.40%) ( 3547 points) Valuables value: (no points given unless you survive) Artifact value: 0 ( 0 points) Variety of kills: 14 monsters ( 3.67%) ( 5750 points) Turncount: 1056 turns ( 0 points) Survival: quit (score multiplied by 90%) Total score: 25704 Latest messages: You start to float in the air! The door opens. You stop running. You kill the fox! Qwerty eats a fox corpse. You displace Qwerty. You hear the footsteps of a guard on patrol. You stop running. Qwerty misses the newt. (3x) Qwerty bites the newt. The newt is killed! Qwerty eats a newt corpse. You stop running. You begin to memorize the runes. You add the "healing" spell to your repertoire. You displace Qwerty. You kill the gas spore! Qwerty is caught in the gas spore's explosion! You kill poor Qwerty! Welcome to experience level 4. You feel awake! You hear the rumble of distant thunder... You are caught in the gas spore's explosion! Final status: Goodbye Danush the Priest, quit... You quit in The Dungeons of Doom on dungeon level 2 with 25704 points, and 37 pieces of gold, after 1056 moves. You were level 4 with a maximum of 29 hit points when you quit.